 Dungeon Crawl Stone Soup version 0.24.0-10-g970556be89 (console) character file.

Game seed: 17338341207007442776, levelgen mode: deterministic

102 AlterAsc the Conjurer (level 4, -1/24 HPs)
             Began as a Deep Elf Conjurer on Nov 3, 2019.
             Slain by an orc warrior
             ... wielding a +0 flail of protection
              (11 damage)
             ... on level 3 of the Dungeon.
             The game lasted 00:04:23 (2190 turns).

AlterAsc the Conjurer (Deep Elf Conjurer)           Turns: 2190, Time: 00:04:23

Health: -1/24      AC:  3    Str:  1    XL:     4   Next: 49%
Magic:  2/12       EV: 16    Int: 21    God:
Gold:   91         SH:  0    Dex: 15    Spells: 9/12 levels left

rFire    . . .     SeeInvis .   (no weapon)
rCold    . . .     Gourm    +   (no shield)
rNeg     . . .     Faith    .   a - +0 robe
rPois    .         Spirit   .   (no helmet)
rElec    .         Reflect  .   (no cloak)
rCorr    .         Harm     .   p - +0 pair of gloves
MR       .....                  (no boots)
Stlth    ++........             j - amulet of the gourmand
HPRegen  0.08/turn              d - +3 ring of evasion
MPRegen  0.13/turn              m - -4 ring of strength (curse)

@: no status effects
A: no striking features
a: no special abilities


You were on level 3 of the Dungeon.
You were not hungry.

You visited 1 branch of the dungeon, and saw 3 of its levels.

You collected 91 gold pieces.

Inventory:

Armour
 a - a +0 robe (worn)
 p - a +0 pair of gloves (worn)
Jewellery
 d - a +3 ring of evasion (left hand)
 j - an amulet of the gourmand (around neck)
 m - a cursed -4 ring of strength (right hand)
Wands
 q - a wand of random effects (18)
Scrolls
 b - a scroll of fog {unknown}
 e - 2 scrolls of identify {unknown}
 i - a scroll of blinking {unknown}
 l - 2 scrolls of enchant armour {unknown}
 n - a scroll of remove curse {unknown}
Potions
 f - 3 potions of lignification {unknown}
 g - 2 potions of heal wounds {unknown}
 h - 2 potions of degeneration {unknown}
 k - a potion of might {unknown}
 o - a potion of magic {unknown}
Comestibles
 c - 2 rations


   Skills:
 - Level 3.0 Dodging
 - Level 2.8 Stealth
 + Level 4.7 Spellcasting
 + Level 5.4 Conjurations


You had 9 spell levels left.
You knew the following spells:

 Your Spells              Type           Power        Failure   Level  Hunger
a - Magic Dart            Conj           ####         1%          1    None
b - Searing Ray           Conj           ####..       1%          2    #......

Your spell library contained the following spells:

 Spells                   Type           Power        Failure   Level  Hunger
 Dazzling Spray           Conj/Hex       ###...       11%         3    ##.....
 Iskenderun's Mystic Bla  Conj           ####....     12%         4    ####...
 Force Lance              Conj/Tloc      ###.....     36%         4    ####...
 Fulminant Prism          Conj/Hex       ###.......   36%         4    ####...


Dungeon Overview and Level Annotations

Branches:
Dungeon (3/15)

Altars:
Beogh

Annotations:
D:3 3 runed translucent doors, tonywhite87's ghost, amateur GrFi


Message History

A +0 falchion.
There is something else lying underneath.
The floor.
The orc wizard points at you and mumbles some strange words.
The magic dart hits you!
Casting: Magic Dart (safe; 1% risk of failure)
Confirm with . or Enter, or press ? or * to list all spells.
Aiming: Searing Ray (safe; 1% risk of failure)
Press: ? - help, Shift-Dir - straight line, f - ooze, p - orc warrior
Aim: an ooze The searing ray hits the orc warrior but does no damage.
The orc warrior is moderately wounded. (Press . to maintain the ray.)
The searing ray hits the orc warrior.
The orc warrior is moderately wounded.
An orc comes into view. It is wielding a +0 hand axe.
The searing ray misses the orc warrior.
The searing ray hits the ooze!
The ooze is almost dead.
The orc warrior hits you with a +0 flail of protection!
You die...

#...########.......##.
#)..............##.##.
#####...#####.#รท.##.##.#..
....(..........#....##.#..
.............###.#.......
..............#.##.##.#..
#.#...#.###....).....#..
#.#.........##.########.
#.#...#@######.# #.
#.#...#o# #.#### #.
#>#...#J# #....# #.
#......o# ####.# #.
#.#....## #.#####.
#.##.#.###### #.....#8 #.
#.)......# #.###<## #.
###.####.# #.# #...
.....o...$.# #.###.##


You could see an orc warrior, an orc wizard and an ooze.

Vanquished Creatures
  Ijyb (D:3)
  2 adders
  3 oozes
  2 worms (D:2)
  2 dart slugs (D:1)
  An orc (D:3)
  7 bats
  2 giant cockroaches (D:1)
  2 goblins (D:1)
  4 hobgoblins
  4 jackals
  3 kobolds (D:1)
  A quokka (D:2)
  3 ball pythons
  A frilled lizard (D:2)
38 creatures vanquished.

Notes
Turn   | Place    | Note
-------+----------+-------------------------------------------
     0 | D:1      | AlterAsc the Deep Elf Conjurer began the quest for the Orb.
     0 | D:1      | Reached XP level 1. HP: 10/10 MP: 6/6
   141 | D:1      | Reached XP level 2. HP: 15/15 MP: 1/8
   600 | D:1      | Reached XP level 3. HP: 19/19 MP: 3/10
   880 | D:2      | Learned a level 2 spell: Searing Ray
  1157 | D:2      | Reached skill level 5 in Conjurations
  1898 | D:3      | Noticed Ijyb
  1923 | D:3      | Killed Ijyb
  1923 | D:3      | Reached XP level 4. HP: 24/24 MP: 4/12
  1990 | D:3      | Found a runed translucent gate.
  1998 | D:3      | Found a runed translucent gate.
  1999 | D:3      | Found a runed translucent gate.
  1999 | D:3      | Noticed tonywhite87's ghost (amateur GrFi)
  2000 | D:3      | Identified the +1 hand axe of the Inferno {chop, rElec
                  | Str+5}
  2002 | D:3      | Found a roughly hewn altar of Beogh.
  2174 | D:3      | Noticed an orc warrior
  2190 | D:3      | Slain by an orc warrior

Levels and vault maps discovered:
D:1:      dpeg_arrival_shelter, layout_rooms
D:2:      layout_basic, minmay_tiny_reverse_x
D:3:      layout_loops_cross, biasface_ghost_orc_armoury, elyvilon_altar_3,
          uniq_ijyb

Skill      XL: |  1  2  3 |
---------------+----------+-----
Dodging        | 3 |  3.0
Spellcasting   | 4 |  4.7
Conjurations   | 5 |  5.4
Stealth        | |  2.8

Action                   |  1- 3 |  4- 6 || total
-------------------------+-------+-------++-------
Melee: Unarmed           |    14 |       ||    14
 Cast: Magic Dart        |    85 |    17 ||   102
       Searing Ray       |     1 |     1 ||     2
  Eat: Chunk             |     4 |     4 ||     8
Armor: Robe              |     2 |       ||     2
Dodge: Dodged            |    17 |     1 ||    18
